 Dungeon Crawl Stone Soup version 0.25-a0-413-g3b4b6a4ccc (webtiles) character file.

Game seed: 16170840996451752492, levelgen mode: deterministic

18 Roran the Gusty (level 2, -1/15 HPs)
             Began as a Tengu Air Elementalist on Jan 14, 2020.
             Slain by a hobgoblin
             ... wielding a +0 club
              (6 damage)
             ... on level 1 of the Dungeon.
             The game lasted 00:03:11 (1190 turns).

Roran the Gusty (Tengu Air Elementalist)            Turns: 1190, Time: 00:03:12

Health: -1/15      AC:  2    Str:  8    XL:     2   Next: 70%
Magic:  13/15      EV: 12    Int: 15    God:
Gold:   47         SH:  0    Dex: 14    Spells: 2/5 levels left

rFire    . . .     SeeInvis .   (no weapon)
rCold    . . .     Gourm    .   (no shield)
rNeg     . . .     Faith    .   a - +0 robe
rPois    .         Spirit   .   (helmet restricted)
rElec    .         Reflect  .   (no cloak)
rCorr    .         Harm     .   (no gloves)
MR       .....                  (boots unavailable)
Stlth    ++........             (no amulet)
HPRegen  0.05/turn              e - ring of magical power
MPRegen  0.14/turn              (no ring)

@: no status effects
A: beak, talons 3
a: no special abilities


You were on level 1 of the Dungeon.
You were not hungry.

You visited 1 branch of the dungeon, and saw 2 of its levels.

You collected 47 gold pieces.

Inventory:

Armour
 a - a +0 robe (worn)
Jewellery
 e - a ring of magical power (left hand)
Scrolls
 b - a scroll of remove curse {unknown}
Potions
 d - a potion of berserk rage {unknown}
 f - a potion of curing {unknown}
Comestibles
 c - a ration
 g - 2 chunks of flesh


   Skills:
 - Level 2.1 Dodging
 - Level 2.0 Stealth
 - Level 2.0 Spellcasting
 - Level 1.3 Conjurations
 * Level 5.2 Air Magic


You had 2 spell levels left.
You knew the following spells:

 Your Spells              Type           Power        Failure   Level  Hunger
a - Shock                 Conj/Air       ##..         6%          1    #......
b - Swiftness             Chrm/Air       #.......     12%         2    ###....

Your spell library contained the following spells:

 Spells                   Type           Power        Failure   Level  Hunger
 Static Discharge         Conj/Air       ##......     17%         3    ###....
 Airstrike                Air            ###.......   26%         4    #####..
 Lightning Bolt           Conj/Air       ##........   85%         5    ######.


Dungeon Overview and Level Annotations

Branches:
Dungeon (2/15)

Altars:


Innate Abilities, Weirdness & Mutations

You have a beak for a mouth.
You have claws for feet.


Message History

There is a stone staircase leading up here.
The goblin barely misses you. The hobgoblin barely misses you.
You climb upwards.
There is a stone staircase leading down here.
You see here a quokka skeleton.
Casting: Shock (safe; 6% risk of failure)
Confirm with . or Enter, or press ? or * to list all spells.
Aiming: Shock (safe; 6% risk of failure)
Press: ? - help, Shift-Dir - straight line The zap misses the goblin.
The zap hits the goblin.
The goblin is severely wounded.
The goblin closely misses you. The hobgoblin hits you with a +0 club.
Casting: Shock (safe; 6% risk of failure)
Confirm with . or Enter, or press ? or * to list all spells.
Aiming: Shock (safe; 6% risk of failure)
Press: ? - help, Shift-Dir - straight line The zap hits the goblin.
You kill the goblin!
The hobgoblin hits you with a +0 club.
You die...

#..............####
#..................
#..............####
###.###........#... ### #.#
###.####.#.## #.# #.#
#.####.#...
#.####.#####....#.#..#
###.............#.#.#...
#......@g...............
#.#.###.)#........#.#.#.
#.#...............#.#...
#########.####..#######.#.#.#...
#...)...................#...#...
##.######.#####.##..............
#..........####.#############...
##..##.#...#...............(....
#..##.#...#.################...


You could see a hobgoblin.

Vanquished Creatures
  A dart slug (D:1)
  3 goblins (D:1)
  2 hobgoblins (D:1)
  4 kobolds (D:1)
  A quokka (D:1)
  2 bats (D:1)
  5 rats (D:1)
18 creatures vanquished.

Notes
Turn   | Place    | Note
-------+----------+-------------------------------------------
     0 | D:1      | Roran the Tengu Air Elementalist began the quest for the
                  | Orb.
     0 | D:1      | Reached XP level 1. HP: 10/10 MP: 4/4
   429 | D:1      | Reached XP level 2. HP: 15/15 MP: 6/6
   433 | D:1      | Learned a level 2 spell: Swiftness
   607 | D:1      | Reached skill level 5 in Air Magic
  1190 | D:1      | Slain by a hobgoblin

Levels and vault maps discovered:
D:1:      lightli_arrival_flooded_house, layout_basic
D:2:      layout_rooms, xom_teletrap_fun, lemuel_blue_sif_altar,
          lemuel_crystal_altar

Skill      XL: |  1  2 |
---------------+-------+-----
Air Magic      | 5 |  5.2
Dodging        | |  2.1
Stealth        | |  2.0
Spellcasting   | |  2.0
Conjurations   | |  1.3

Action                   || total
-------------------------++-------
 Cast: Shock             ||    35
       Swiftness         ||     1
  Eat: Chunk             ||     2
Armor: Robe              ||     1
Dodge: Dodged            ||    10

Table legend:
 A = Non-vault XP
 B = Vault XP
 C = Vault XP percentage of total XP
 D = Non-vault monster count
 E = Vault monster count
 F = Vault count percentage of total count
                 A         B        C        D         E       F
            +---------+---------+-------+---------+---------+-------
      Total |      27 |       0 |   0.0 |      18 |       0 |   0.0
            +---------+---------+-------+---------+---------+-------
        D:1 |      27 |       0 |   0.0 |      18 |       0 |   0.0
            +---------+---------+-------+---------+---------+-------
